 Dungeon Crawl Stone Soup version 0.30-a0-782-ge64f9170bb (webtiles) character file.

Game seed: 865547557644731967

326594 Flugkiller the Stormcaller (level 21, -2/186 (190) HPs)
             Began as an Armataur Reaver on Mar 13, 2023.
             Was the Champion of Makhleb.
             Slain by a sphinx (4 damage)
             ... on level 1 of the Vaults.
             The game lasted 01:30:52 (51111 turns).

Flugkiller the Stormcaller (Armataur Reaver)       Turns: 51111, Time: 01:30:52

HP:   -2/186 (190)  AC: 18    Str: 19    XL:     21   Next: 9%
MP:   6/37          EV: 24    Int: 30    God:    Makhleb [******]
Gold: 4160          SH:  0    Dex: 16    Spells: 6/44 levels left

rFire   . . .      SeeInvis .      - Unarmed
rCold   . . .      Faith    +    (shield currently unavailable)
rNeg    . . .      Spirit   .    (body armour currently unavailable)
rPois   ∞          Reflect  .    (helmet currently unavailable)
rElec   +          Harm     .    (cloak currently unavailable)
rCorr   .          Roll     +    (gloves currently unavailable)
Will    +....                    (no barding)
Stlth   +                        y - amulet of faith
HPRegen 0.51/turn                M - +6 ring of intelligence
MPRegen 0.25/turn                W - ring of Durra {Wiz Int+3 Dex+5}

@: storm-form, marked, flying, contaminated, glowing, studying Armour, lightly
drained
A: cleaving, insubstantial, flying, large, rugged brown scales 3, (deformed
body), (armoured tail), roll, long tongue, awkward tongue, (antennae 1),
mutation resistance 1, (poison resistance)
}: 1/15 runes: serpentine
a: Blinkbolt, End Transformation, Renounce Religion, Minor Destruction, Lesser
Servant of Makhleb, Major Destruction, Greater Servant of Makhleb


You were on level 1 of the Vaults.
You worshipped Makhleb.
Makhleb was exalted by your worship.
You were a lightning-filled tempest!
You visited 8 branches of the dungeon, and saw 35 of its levels.
You also visited: Volcano.

You collected 4691 gold pieces.
You spent 531 gold pieces at shops.

Inventory:

Hand Weapons
 V - the +7 trident of Massacring (melded) {protect, Str+6 Int+8}
   (You found it on level 4 of the Swamp)

   Str:       It affects your strength (+6).
   Int:       It affects your intelligence (+8).
Missiles
 v - a throwing net
 J - a curare-tipped dart (quivered)
Armour
 e - a +2 cloak (melded)
   (You found it on level 2 of the Dungeon)
 w - the +1 robe of Oily Lucidity (melded) {Dex+2 Archmagi}
   (You found it on level 2 of the Elven Halls)

   Dex:       It affects your dexterity (+2).
   Archmagi:  It increases the power of your magical spells.
 L - a +2 pair of gloves (melded)
   (You found it on level 1 of the Lair of Beasts)
Jewellery
 c - a ring of protection from cold
   (You found it on level 2 of the Elven Halls)
 f - a ring of protection from fire
   (You found it on level 13 of the Dungeon)
 m - a ring of willpower
   (You took it off a deep elf pyromancer on level 13 of the Dungeon)
 p - a ring of protection from fire
   (You took it off an orc priest on level 1 of the Elven Halls)
 y - an amulet of faith (around neck)
   (You found it on level 4 of the Dungeon)
 D - the ring of Shadows {Umbra +Inv Stlth+}
   (You found it on level 13 of the Dungeon)

   [ring of stealth]

   Umbra:     It surrounds you with an aura of shadow, increasing your stealth
   and reducing the accuracy of all others within it.
   +Inv:      It lets you turn invisible.
   Stlth:     It makes you more stealthy.
 M - a +6 ring of intelligence (left fist)
   (You found it on level 8 of the Dungeon)
 Q - the ring "Sollehow" {rPois rC+ rCorr}
   (You took it off a deep elf annihilator on level 3 of the Elven Halls)

   [ring of resist corrosion]

   rC:        It protects you from cold.
   rPois:     It protects you from poison.
   rCorr:     It protects you from acid and corrosion.
 W - the ring of Durra (right fist) {Wiz Int+3 Dex+5}
   (You found it on level 1 of the Elven Halls)

   [ring of wizardry]

   It improves your spell success rate.
   Int:       It affects your intelligence (+3).
   Dex:       It affects your dexterity (+5).
 X - the amulet "Asanirph" {Acrobat rC+ Int+2}
   (You took it off a deep elf demonologist on level 3 of the Elven Halls)

   [amulet of the acrobat]

   It increases your evasion while moving and waiting.
   Int:       It affects your intelligence (+2).
   rC:        It protects you from cold.
Wands
 a - a wand of mindburst (9)
   (You found it on level 4 of the Swamp)
 r - a wand of iceblast (19)
   (You found it on level 12 of the Dungeon)
 x - a wand of flame (42)
   (You took it off Ijyb on level 4 of the Dungeon)
 K - a wand of charming (2)
   (You found it on level 11 of the Dungeon)
 N - a wand of polymorph (14)
   (You found it on level 11 of the Dungeon)
 U - a wand of acid (19)
   (You found it on level 1 of the Swamp)
Scrolls
 g - 5 scrolls of vulnerability
 i - 4 scrolls of immolation
 j - a scroll of silence
 k - 6 scrolls of amnesia
 s - 5 scrolls of fog
 t - 8 scrolls of teleportation
 z - 2 scrolls of blinking
 O - a scroll of butterflies
 P - 3 scrolls of enchant armour
 R - 8 scrolls of poison
 S - 2 scrolls of magic mapping
Potions
 d - 8 potions of might
 h - 7 potions of haste
 l - 3 potions of invisibility
 n - 2 potions of resistance
 q - 12 potions of curing
 u - 6 potions of flight
 B - 7 potions of attraction
 C - 4 potions of brilliance
 E - 2 potions of cancellation
 G - 3 potions of magic
 H - a potion of berserk rage
 T - a potion of ambrosia
Miscellaneous
 b - a phial of floods
   (You found it on level 13 of the Dungeon)
 o - a phantom mirror
   (You found it on level 3 of the Elven Halls)
 F - a condenser vane (inert)
   (You found it on level 3 of the Elven Halls)


   Skills:
 - Level 13.0 Fighting
 - Level 7.1 Maces & Flails
 - Level 8.0 Armour
 + Level 7.1 Dodging
 - Level 12.0 Unarmed Combat
 - Level 12.0 Spellcasting
 - Level 7.8 Conjurations
 - Level 9.3 Translocations
 - Level 13.6 Transmutations
 - Level 6.4 Ice Magic
 - Level 15.0 Air Magic
 + Level 7.0 Invocations
 - Level 4.0 Evocations


You had 6 spell levels left.
You knew the following spells:

 Your Spells              Type           Power      Damage    Failure   Level
a - Dragon Form           Tmut           39%        N/A       3%          7
c - Hailstorm             Conj/Ice       57%        3d12      1%          3
e - Arcjolt               Conj/Air       36%        1d46      1%          5
f - Storm Form            Tmut/Air       40%        N/A       2%          7
g - Manifold Assault      Tloc           65%        N/A       1%          4
h - Iskenderun's Mystic   Conj/Tloc      62%        2d13      1%          4
i - Irradiate             Conj/Tmut      35%        3d23      1%          5
I - Vhi's Electric Charg  Tloc/Air       100%       N/A       1%          3

Your spell library contained the following spells:

 Spells                   Type           Power      Damage    Failure   Level
 Apportation              Tloc           100%       N/A       1%          1
 Freeze                   Ice            100%       1d10      1%          1
 Kiss of Death            Conj/Necr      100%       2d13      1%          1
 Sandblast                Erth           36%        2d10      1%          1
 Slow                     Hex            72%        N/A       1%          1
 Blink                    Tloc           100%       N/A       1%          2
 Cigotuvi's Dreadful Rot  Necr/Pois/Air  96%        N/A       1%          2
 Ensorcelled Hibernation  Hex/Ice        74%        N/A       1%          2
 Lesser Beckoning         Tloc           100%       N/A       1%          2
 Momentum Strike          Conj/Tloc      100%       3d10      1%          2
 Passwall                 Tmut/Erth      46%        N/A       1%          2
 Scorch                   Fire           36%        2d7       1%          2
 Static Discharge         Conj/Air       100%       2-7/arc   1%          2
 Dazzling Flash           Conj/Hex       82%        N/A       1%          3
 Frozen Ramparts          Ice            100%       1d16      1%          3
 Gell's Gravitas          Tloc           65%        N/A       1%          3
 Ignite Poison            Fire/Tmut/Pois 45%        N/A       1%          3
 Kindle Blastsparks       Fire/Tloc/Air  100%       2d18      1%          3
 Mephitic Cloud           Conj/Pois/Air  59%        N/A       1%          3
 Portal Projectile        Hex/Tloc       90%        N/A       1%          3
 Spider Form              Tmut/Pois      56%        N/A       1%          3
 Stone Arrow              Conj/Erth      82%        3d12      1%          3
 Teleport Other           Tloc           65%        N/A       1%          3
 Ice Form                 Ice/Tmut       67%        N/A       1%          4
 Passage of Golubria      Tloc           65%        N/A       1%          4
 Summon Lightning Spire   Summ/Air       58%        N/A       1%          4
 Alistair's Intoxication  Tmut/Pois      37%        N/A       1%          5
 Blade Hands              Tmut           39%        N/A       1%          5
 Lightning Bolt           Conj/Air       36%        1d54      1%          5
 Yara's Violent Unravell  Hex/Tmut       28%        3d12      1%          5
 Flame Wave               Conj/Fire      41%        2d11      2%          4
 Fulminant Prism          Conj/Hex       20%        3d12      2%          4
 Sticky Flame             Conj/Fire      41%        2d6       2%          4
 Call Canine Familiar     Summ           18%        N/A       3%          3
 Confusing Touch          Hex            18%        N/A       3%          3
 Inner Flame              Hex/Fire       18%        N/A       3%          3
 Tukima's Dance           Hex            18%        N/A       3%          3
 Vampiric Draining        Necr           18%        2d7       3%          3
 Summon Forest            Summ/Tloc      22%        N/A       4%          5
 Statue Form              Tmut/Erth      37%        N/A       11%         6
 Anguish                  Hex/Necr       9%         N/A       12%         4
 Animate Dead             Necr           18%        N/A       12%         4
 Leda's Liquefaction      Hex/Erth       9%         N/A       12%         4
 Borgnjor's Vile Clutch   Necr/Erth      9%         N/A       30%         5
 Lee's Rapid Deconstruct  Erth           9%         3d7*      30%         5
 Summon Mana Viper        Hex/Summ       18%        N/A       30%         5
 Starburst                Conj/Fire      20%        6d7       32%         6
 Simulacrum               Ice/Necr       18%        N/A       41%         6
 Death Channel            Necr           9%         N/A       83%         6
 Summon Cactus Giant      Summ           9%         N/A       83%         6
 Maxwell's Capacitive Co  Air            41%        ∞         16%         8
 Enfeeble                 Hex            9%         N/A       100%        7
 Haunt                    Necr/Summ      9%         N/A       100%        7
 Ignition                 Fire           9%         3d5       100%        8
 Infestation              Necr           9%         N/A       100%        8
 Chain Lightning          Conj/Air       36%        3d48      100%        9
 Fire Storm               Conj/Fire      20%        8d5       100%        9
 Shatter                  Erth           9%         3d11*     100%        9


Dungeon Overview and Level Annotations

Branches:
Dungeon (15/15) Zot: 25224  Temple (1/1) D:7 Zot: 5893    Lair (5/5) D:8 Zot: 23565
  Swamp (4/4) Lair:2 Zot: 18862   Snake (4/4) Lair:3 Zot: 14251   Slime (0/5) Lair:5
    Orc (2/2) D:11 Zot: 9848     Elf (3/3) Orc:2 Zot: 14249  Vaults (1/5) D:13 Zot: 5406
 Depths (0/4) D:15        Volcano (visited)

Altars:
Ashenzari
Cheibriados
Dithmenos
Elyvilon
Fedhas
Gozag
Hepliaklqana
Kikubaaqudgha
Makhleb
Nemelex Xobeh
Okawaru
Qazlal
Ru
Sif Muna
Trog
Uskayaw
Vehumet
Wu Jian
Xom
Yredelemnul
Zin
The Shining One
Jiyva

Shops:
D:4 ?   D:10 ?   Orc:2 ***:*   Elf:1 !   Elf:2 (   Snake:2 [   Snake:3 !(

Annotations:
D:1 2 transporters
D:9 6 runed translucent doors, zero's ghost, novice GrEE
D:14 1 runed translucent door, Umoran's ghost, journeyman GrEE
Orc:1 3 runed translucent doors, Vupaekk's ghost, journeyman DsEE
Elf:1 6 runed translucent doors
Elf:2 3 runed translucent doors


Innate Abilities, Weirdness & Mutations

You are a lightning-filled tempest!
Your electrical attacks strike out in all directions at once.
You are incredibly evasive.
Your insubstantial body is immune to petrification, constriction, and being set on fire You are flying.
Your armour is entirely melded.
You are incapable of wielding weapons or throwing items.
(You are completely covered in rugged brown scales. (AC +3, +7% HP))
((Armour fits poorly on your strangely shaped body.))
((You have a long armoured tail.))
You roll when moving toward enemies. (Rampage)
Your long tongue fully drains potion bottles. (2x potion effects)
Your tongue gives you trouble enunciating. (1.5x scroll delay)
((You have a pair of small antennae on your head.))
You are somewhat resistant to further mutation.
((Your system is resistant to poisons. (rPois)))


Message History

Charge where?
Press: ? - help, Dir - move target, f - wizard
Aim: a wizard, wielding a +2 dagger of draining and wearing a +0 robe (89% to hit)
You charge forward with an electric crackle!
An ironbound frostheart comes into view.
You buffet the wizard and electrocute it!
The wizard is moderately wounded.
The wizard casts a spell.
The wizard flickers and vanishes!
Deactivating autopickup; reactivate with Ctrl-A.
A frost giant comes into view.
It is wielding a +1 battleaxe of freezing.
Unknown command.
Something unexpectedly blocked you, preventing you from rolling!
You batter something!! Something barely misses you.
The glowing orange brain pulsates.
Something unexpectedly blocked you, preventing you from rolling!
You batter something!! Makhleb accepts your kill.
Reactivating autopickup.
You feel a bit more experienced.
The vault sentinel blows a loud note on a signal horn!
Unknown command.
Casting: Vhi's Electric Charge (safe; 1% risk of failure)
Confirm with . or Enter, or press ? or * to list all spells.
Charge where?
Press: ? - help, Dir - move target, f - glowing orange brain
Aim: a glowing orange brain (97% to hit)
You charge forward with an electric crackle!
A deep elf death mage and a sphinx come into view.
You blast the glowing orange brain and electrocute it!!!!
You kill the glowing orange brain!
Makhleb accepts your kill.
The yaktaur dissolves into shadows! x5
You barely miss the ironbound frostheart.
The sphinx casts a spell.
Something smites you!
The ironbound frostheart closely misses you.
The frost giant points at you and mumbles some strange words.
The bolt of cold hits you!!
Your Invocations skill increases to level 7!
Unknown command.
You blast the ironbound frostheart!!!
You kill the ironbound frostheart!
Makhleb accepts your kill.
The frost giant points at you and mumbles some strange words.
The bolt of cold misses you.
The deep elf death mage gestures at you while chanting.
The bolt of negative energy hits you!!
You feel drained.
The frost giant points at you and mumbles some strange words.
The bolt of cold hits you!!
You buffet the frost giant!
The frost giant is lightly wounded.
You blast the frost giant!!!
Lightning courses through the frost giant!
The frost giant is almost dead.
The frost giant hits you with a +1 battleaxe of freezing!!
The frost giant freezes you.
The deep elf death mage beckons forth a restless soul!
Casting: Vhi's Electric Charge (safe; 1% risk of failure)
Confirm with . or Enter, or press ? or * to list all spells.
You erupt in a fountain of uncontrolled magic!
The frost giant is blasted with magical radiation!
The frost giant is almost dead.
The vault sentinel blows a loud note on a signal horn!
The frost giant casts a spell at you. The bolt of cold hits you!!!
* * * LOW HITPOINT WARNING * * *
Casting: Irradiate (mildly dangerous; 1% risk of failure)
Confirm with . or Enter, or press ? or * to list all spells.
You erupt in a fountain of uncontrolled magic!
The sphinx is blasted with magical radiation!!
The sphinx is moderately wounded.
The frost giant is blasted with magical radiation!!
The lost soul assumes the form of the frost giant and becomes anchored to this world!
You are lightly contaminated with residual magic.
The vault sentinel gestures at you while chanting.
A sentinel's mark forms upon you.
The ghostly frost giant barely misses you.
The sphinx hits you!
* * * LOW HITPOINT WARNING * * *
The sphinx hits you but does no damage. x2
Casting: Irradiate (mildly dangerous; 1% risk of failure)
Confirm with . or Enter, or press ? or * to list all spells.
You erupt in a fountain of uncontrolled magic!
The sphinx is blasted with magical radiation!!!
The sphinx is almost dead.
The ghostly frost giant is blasted with magical radiation!!
The ghostly frost giant is moderately damaged.
The deep elf death mage is blasted with magical radiation!!
The deep elf death mage is heavily wounded.
You are contaminated with residual magic.
The ghostly frost giant hits you with a +1 battleaxe of freezing!!
* * * LOW HITPOINT WARNING * * *
The ghostly frost giant freezes you!
* * * LOW HITPOINT WARNING * * *
The vault sentinel casts a spell at you.
You barely resist.
The deep elf death mage closely misses you.
The sphinx hits you.
You die...

#...).......)....#...
#.#.#.#.#.#)#p)..'...
#.........†.#.)..#...
#...........#)...# .
#...........#....#
#...........#.)..#
#############....#####
# ......[........ .
.......ve...... .
.......HC...... .
............... .
######......... .
#......... .
#......... .
#......... #
#.........


You could see a ghostly frost giant, a sphinx, a deep elf death mage and a vault
sentinel.

Vanquished Creatures
  Asterion (Elf:1)
  2 deep elf blademasters (Elf:3)
  2 deep elf master archers (Elf:3)
  Kirke (Snake:3)
  A storm dragon (D:13)
  6 nagarajas
  Roxanne (Snake:4)
  A vault warden (Vaults:1)
  3 deep elf sorcerers (Elf:3)
  3 deep elf elementalists (Elf:3)
  An ironbound preserver (Vaults:1)
  An ironbound thunderhulk (Vaults:1)
  A stone giant (D:15)
  A war gargoyle (Vaults:1)
  The ghost of Leeroy the Fencer, a journeyman VSWr of Uskayaw (Snake:2)
  8 eleionomae
  7 deep elf annihilators (Elf:3)
  7 deep elf demonologists
  Azrael (D:13)
  Snorg (D:14)
  A crystal guardian (Vaults:1)
  8 deep elf death magi
  3 deep elf high priests (Elf:3)
  4 yaktaur captains (Vaults:1)
  2 vault guards (Vaults:1)
  Josephine (D:11)
  A shambling mangrove (Swamp:3)
  The ghost of Tenz the Protected, a journeyman GrWr of Yredelemnul (D:13)
  Erolcha (D:12)
  12 hydras
  A peacekeeper (Vaults:1)
  A ghost crab (Swamp:3)
  An ironbound frostheart (Vaults:1)
  11 anacondas
  14 alligators
  A death knight (D:12)
  21 dancing weapons
  4 boulder beetles
  3 death yaks (D:8)
  16 centaur warriors
  6 two-headed ogres
  20 naga warriors
  5 tengu warriors
  4 orc high priests (Orc:2)
  4 shock serpents
  Urug (D:11)
  13 naga sharpshooters
  A soul eater (D:10)
  A hell knight (Volcano)
  6 deep elf knights
  A sun demon (Volcano)
  A sixfirhy (D:10)
  A shadow wraith (D:13)
  3 goliath frogs (Swamp:1)
  3 salamander mystics
  2 skysharks
  6 spriggan druids
  5 bog bodies
  2 glowing orange brains (Vaults:1)
  A flayed ghost (D:13)
  5 wizards
  A spectral anaconda (Snake:2)
  5 naga ritualists
  A swamp dragon (shapeshifter) (Elf:3)
  6 swamp dragons
  5 lindwurms (Vaults:1)
  11 deep elf archers
  4 ironbound convokers (Vaults:1)
  A harpy (shapeshifter) (D:13)
  22 deep elf pyromancers
  8 orc knights
  2 wolf spiders (Lair:5)
  18 deep elf zephyrmancers
  A shining eye (shapeshifter) (D:15)
  9 cyclopes
  6 orc sorcerers
  8 mana vipers
  4 manticores
  3 will-o-the-wisps
  4 elephants
  14 salamanders
  12 ugly things
  5 large abominations (D:11)
  A black mamba (shapeshifter) (D:13)
  4 vault sentinels (Vaults:1)
  37 black mambas
  13 naga magi
  11 guardian serpents
  2 unseen horrors
  3 gargoyles
  A spectral mana viper (Snake:2)
  Maggie (D:6)
  5 komodo dragons
  12 cane toads
  3 yaktaurs
  4 swamp worm zombies (Swamp:4)
  2 tengu conjurers
  4 efreet (D:13)
  2 red devils (Volcano)
  7 tyrant leeches
  2 polar bears
  A burning bush (Lair:2)
  4 trolls
  Grinder (D:6)
  8 hornets
  A hornet (shapeshifter) (Elf:3)
  A spectral guardian serpent (Snake:2)
  16 blink frogs
  A spectral naga (Snake:2)
  12 slime creatures
  4 alligator zombies (Swamp:4)
  8 wraiths
  3 air elementals
  A centaur simulacrum (D:14)
  A jumping spider (shapeshifter) (Elf:3)
  9 spriggans
  4 shadows
  4 water elementals
  4 vampires
  10 fire elementals
  10 fire bats
  11 wyverns
  A ynoxinul (D:10)
  6 basilisks
  5 hogs (Snake:3)
  74 yaks
  Menkaure (D:6)
  A neqoxec (D:10)
  A steam dragon (D:5)
  11 vampire mosquitoes
  10 swamp worms
  5 wargs
  5 redbacks
  2 mana viper simulacra (Snake:2)
  Duvessa (D:6)
  36 nagas
  21 water moccasins
  3 acid dragons
  3 hell hounds (D:13)
  19 orc warriors
  A sky beast (D:7)
  An ice beast (D:6)
  A black bear (Lair:3)
  A hornet zombie (D:9)
  A swamp dragon zombie (Swamp:4)
  A black bear (shapeshifter) (D:13)
  4 ogres
  13 centaurs
  6 wolves (Lair:3)
  2 phantoms
  7 small abominations (D:11)
  3 kobold brigands
  A gnoll sergeant (D:8)
  13 bullfrogs
  A necrophage (D:5)
  2 earth elementals
  3 naga simulacra (Snake:2)
  4 scorpions
  5 wights (D:8)
  Dowan (D:6)
  11 killer bees
  9 howler monkeys (D:9)
  2 electric eels (Lair:3)
  A crimson imp (D:14)
  A salamander simulacrum (Snake:2)
  6 lava snakes (Volcano)
  2 quasits
  12 orc priests
  3 hounds
  5 jellies
  2 gnoll boudas
  Ijyb (D:4)
  4 iguanas
  Natasha (thrice) (D:2)
  30 orc wizards
  A howler monkey zombie (D:9)
  17 gnolls
  8 adders
  3 shadow imps
  2 white imps
  2 worms
  2 dart slugs
  65 orcs
  13 ball pythons
  7 endoplasms
  3 giant cockroaches
  2 goblins (D:2)
  7 hobgoblins
  7 jackals (D:2)
  2 quokkas
  3 bats (D:3)
  3 frilled lizards
  17 kobolds
  5 rats
1163 creatures vanquished.

Vanquished Creatures (collateral kills)
  A fire giant (D:13)
  A cane toad (Lair:5)
2 creatures vanquished.

Vanquished Creatures (others)
  A tengu conjurer (D:13)
  A bloated husk (Swamp:4)
  An air elemental (Elf:1)
  A water elemental (Elf:1)
  An orc (Elf:1)
  A quokka (D:5)
  10 foxfires
  31 fungi
  72 plants
119 creatures vanquished.

Grand Total: 1284 creatures vanquished

Notes
Turn   | Place    | Note
-------+----------+-------------------------------------------
     0 | D:1      | Flugkiller the Armataur Reaver began the quest for the Orb.
     0 | D:1      | Reached XP level 1. HP: 18/18 MP: 3/3
   341 | D:1      | Reached XP level 2. HP: 26/26 MP: 4/4
   827 | D:2      | Noticed Natasha
   844 | D:2      | Noticed a crimson imp
   848 | D:2      | Reached XP level 3. HP: 32/33 MP: 5/5
   866 | D:2      | Killed Natasha
  1012 | D:2      | Reached XP level 4. HP: 40/40 MP: 7/7
  1235 | D:2      | Noticed Natasha
  1260 | D:2      | Killed Natasha
  1277 | D:2      | Noticed Natasha
  1295 | D:2      | Killed Natasha
  1636 | D:3      | Reached XP level 5. HP: 47/48 MP: 8/8
  1653 | D:3      | Learned a level 2 spell: Momentum Strike
  1657 | D:3      | Learned a level 3 spell: Hailstorm
  2727 | D:4      | Found Ofrasmue's Magic Scroll Shoppe.
  2730 | D:4      | Noticed an ogre
  2830 | D:4      | Noticed Ijyb
  2850 | D:4      | Killed Ijyb
  3037 | D:4      | Reached XP level 6. HP: 43/55 MP: 10/10
  3149 | D:4      | Bought a scroll of teleportation for 39 gold pieces
  3149 | D:4      | Bought a scroll of identify for 26 gold pieces
  3149 | D:4      | Bought a scroll of identify for 26 gold pieces
  3151 | D:4      | Reached skill level 5 in Spellcasting
  3151 | D:4      | Reached XP level 7. HP: 71/71 MP: 10/14
  3151 | D:4      | Reached XP level 8. HP: 79/79 MP: 10/15
  3435 | D:5      | Entered Level 5 of the Dungeon
  3457 | D:5      | Reached skill level 1 in Armour
  4528 | D:6      | Noticed Maggie
  4540 | D:6      | Killed Maggie
  4541 | D:6      | Reached XP level 9. HP: 47/86 MP: 3/16
  4713 | D:6      | Found a bloodstained altar of Trog.
  5002 | D:6      | Reached skill level 5 in Armour
  5263 | D:6      | Reached skill level 1 in Translocations
  5411 | D:6      | Noticed Menkaure
  5415 | D:6      | Killed Menkaure
  5590 | D:6      | Noticed Duvessa
  5598 | D:6      | Noticed Dowan
  5608 | D:6      | Killed Duvessa
  5621 | D:6      | Killed Dowan
  5888 | D:6      | Noticed Grinder
  5907 | D:6      | Killed Grinder
  5908 | D:6      | Reached skill level 1 in Evocations
  6373 | D:7      | Found a staircase to the Ecumenical Temple.
  6397 | Temple   | Entered the Ecumenical Temple
  6486 | Temple   | Became a worshipper of Makhleb the Destroyer
  6901 | D:7      | Learned a level 3 spell: Frozen Ramparts
  7042 | D:8      | Noticed a death yak
  7083 | D:8      | Killed a death yak
  7084 | D:8      | Reached XP level 10. HP: 29/94 MP: 9/17
  7535 | D:8      | Found a staircase to the Lair.
  7562 | D:8      | Noticed a death yak
  7564 | D:8      | Noticed a death yak
  7567 | D:8      | Reached skill level 1 in Invocations
  7577 | D:8      | Killed a death yak
  7582 | D:8      | Killed a death yak
  7886 | D:8      | Reached * piety under Makhleb
  7893 | D:8      | Reached skill level 5 in Invocations
  8739 | D:9      | Reached XP level 11. HP: 72/100 MP: 18/18
  8872 | D:9      | Found a runed translucent gate.
  8872 | D:9      | Found a runed translucent gate.
  8872 | D:9      | Found a runed translucent gate.
  8872 | D:9      | Noticed a glowing orange brain
  8872 | D:9      | Noticed a purple ugly thing
  8872 | D:9      | Noticed a white ugly thing
  8872 | D:9      | Noticed a purple ugly thing
  8872 | D:9      | Noticed a red ugly thing
  8893 | D:9      | Found a runed translucent gate.
  8893 | D:9      | Found a runed translucent gate.
  8893 | D:9      | Found a runed translucent gate.
  8893 | D:9      | Noticed zero's ghost (novice GrEE)
  8895 | D:9      | Found a basalt altar of Yredelemnul.
  9055 | D:9      | Reached skill level 1 in Air Magic
  9062 | D:9      | Reached ** piety under Makhleb
  9074 | D:9      | Noticed a two-headed ogre
  9086 | D:9      | Killed a two-headed ogre
  9237 | D:9      | Found a shimmering blue altar of Sif Muna.
  9240 | D:9      | Found an opulent altar of Gozag.
  9243 | D:9      | Found a sparkling altar of Nemelex Xobeh.
  9243 | D:9      | Found a blossoming altar of Fedhas.
  9244 | D:9      | Found an ornate altar of the Wu Jian Council.
  9312 | D:9      | Reached skill level 2 in Air Magic
  9707 | D:10     | Entered Level 10 of the Dungeon
 10027 | D:10     | Noticed a soul eater
 10272 | D:10     | Found a broken altar of Ashenzari.
 10337 | D:10     | Noticed a sixfirhy
 10344 | D:10     | Killed a sixfirhy
 10656 | D:10     | Killed a soul eater
 10657 | D:10     | Reached skill level 3 in Air Magic
 10979 | D:10     | Found Kahe's Magic Scroll Shoppe.
 11034 | D:10     | Gained mutation: You occasionally shout uncontrollably at
                  | your foes. [a neqoxec]
 11037 | D:10     | Gained mutation: You occasionally lose the ability to read
                  | scrolls when taking damage. [a neqoxec]
 11111 | D:10     | Lost mutation: You occasionally shout uncontrollably at
                  | your foes. [potion of mutation]
 11111 | D:10     | Lost mutation: You occasionally lose the ability to read
                  | scrolls when taking damage. [potion of mutation]
 11111 | D:10     | Gained mutation: You are frail. (-10% HP) [potion of
                  | mutation]
 11111 | D:10     | Gained mutation: You are agile. (Dex +4, Str/Int -1)
                  | [potion of mutation]
 11111 | D:10     | Gained mutation: You have a pair of small horns on your
                  | head. [potion of mutation]
 11112 | D:10     | Lost mutation: You are frail. (-10% HP) [potion of
                  | mutation]
 11112 | D:10     | Lost mutation: You have a pair of small horns on your head.
                  | [potion of mutation]
 11112 | D:10     | Lost mutation: You are agile. (Dex +4, Str/Int -1) [potion
                  | of mutation]
 11112 | D:10     | Gained mutation: Your tail ends in a venomous barb. [potion
                  | of mutation]
 11112 | D:10     | Gained mutation: You are frail. (-10% HP) [potion of
                  | mutation]
 11112 | D:10     | Gained mutation: You have hidden genetic potential. [potion
                  | of mutation]
 11112 | D:10     | Gained mutation: You are dopey. (Int -2) [potion of
                  | mutation]
 11112 | D:10     | Gained mutation: Your muscles are strong. (Str +4, Int/Dex
                  | -1) [potion of mutation]
 11246 | D:11     | Noticed a two-headed ogre
 11271 | D:10     | Killed a two-headed ogre
 11541 | D:11     | Reached *** piety under Makhleb
 11542 | D:11     | Reached skill level 4 in Air Magic
 12168 | D:11     | Reached XP level 12. HP: 71/100 MP: 7/22
 12924 | D:11     | Noticed Urug
 13938 | D:11     | HP: 4/100 [Urug/+1 halberd of pain (2)]
 14280 | D:11     | Killed Urug
 14501 | D:11     | Found a staircase to the Orcish Mines.
 14608 | D:11     | Noticed Josephine
 14617 | D:11     | Killed Josephine
 14618 | D:11     | Reached skill level 5 in Air Magic
 14921 | D:11     | Reached skill level 10 in Fighting
 14921 | D:11     | Reached skill level 6 in Air Magic
 15196 | D:11     | Identified the ring of Activism {rN+ Str+6}
 15328 | Lair:1   | Entered Level 1 of the Lair of Beasts
 15349 | Lair:1   | Gained mutation: Your spells are a little harder to cast,
                  | but a little more powerful. [hidden potential]
 15376 | Lair:1   | Reached skill level 10 in Air Magic
 15376 | Lair:1   | Reached XP level 13. HP: 103/109 MP: 23/23
 15376 | Lair:1   | Reached XP level 14. HP: 111/117 MP: 24/24
 15383 | Lair:1   | Learned a level 5 spell: Arcjolt
 15720 | Lair:1   | Reached **** piety under Makhleb
 17064 | Lair:2   | Reached skill level 11 in Air Magic
 17469 | Lair:2   | Found a staircase to the Swamp.
 17836 | Lair:3   | Reached ***** piety under Makhleb
 18408 | Lair:3   | Gained mutation: Your flesh is heat resistant. (rF+)
                  | [hidden potential]
 18408 | Lair:3   | Lost mutation: You have hidden genetic potential. [hidden
                  | potential expressed]
 18661 | Lair:3   | Found a staircase to the Snake Pit.
 19278 | Lair:4   | Reached skill level 12 in Air Magic
 19278 | Lair:4   | Reached XP level 15. HP: 125/125 MP: 25/28
 19278 | Lair:4   | Reached XP level 16. HP: 132/132 MP: 25/29
 19287 | Lair:4   | Learned a level 7 spell: Storm Form
 19392 | Lair:4   | Reached XP level 17. HP: 139/139 MP: 13/30
 20248 | Lair:5   | Entered Level 5 of the Lair of Beasts
 20253 | Lair:5   | Found a viscous altar of Jiyva.
 20297 | Lair:5   | Found a dark tunnel.
 20400 | Volcano  | Entered a volcano
 20804 | Volcano  | Found a bloodstained altar of Trog.
 20855 | Volcano  | Found a radiant altar of Vehumet.
 21203 | Lair:5   | Reached ****** piety under Makhleb
 21515 | Lair:5   | Reached skill level 13 in Air Magic
 21525 | Lair:5   | Reached skill level 10 in Spellcasting
 21654 | Lair:5   | Found a staircase to the Slime Pits.
 22373 | D:12     | Noticed Erolcha
 22378 | D:12     | Killed Erolcha
 22816 | D:12     | Reached skill level 14 in Air Magic
 23111 | D:13     | Noticed Tenz's ghost (journeyman GrWr)
 23111 | D:13     | Found a runed translucent gate.
 23111 | D:13     | Found a runed translucent gate.
 23111 | D:13     | Found a runed translucent gate.
 23370 | D:13     | Noticed Azrael
 23382 | D:13     | Killed Azrael
 23417 | D:13     | Found a shadowy altar of Dithmenos.
 24076 | D:12     | Learned a level 4 spell: Manifold Assault
 24081 | D:12     | Learned a level 4 spell: Iskenderun's Mystic Blast
 24085 | D:12     | Learned a level 3 spell: Vhi's Electric Charge
 24495 | D:13     | Reached skill level 1 in Transmutations
 25960 | D:13     | Found a gate to the Vaults.
 26132 | D:13     | Found the +8 Vampire's Tooth {megavamp}
 26419 | D:13     | Learned a level 5 spell: Irradiate
 26481 | D:13     | Found the ring of Shadows {Umbra +Inv Stlth+}
 26609 | D:13     | Killed Tenz's ghost
 26616 | D:13     | Got Sif Muna's Incunable of Calescent Effluvium
 26748 | D:14     | Noticed Snorg
 26764 | D:14     | Killed Snorg
 27133 | D:14     | Found a runed translucent door.
 27135 | D:14     | Found a shimmering altar of Xom.
 27135 | D:14     | Noticed Umoran's ghost (journeyman GrEE)
 27801 | D:15     | Entered Level 15 of the Dungeon
 27833 | D:15     | Reached XP level 18. HP: 133/146 MP: 21/32
 28109 | D:15     | Reached skill level 5 in Transmutations
 28253 | D:15     | Gained mutation: Your magical capacity is low. (-10% MP) [a
                  | shining eye]
 28259 | D:15     | Lost mutation: Your muscles are strong. (Str +4, Int/Dex
                  | -1) [a shining eye]
 28850 | D:15     | Found a staircase to the Depths.
 29219 | Orc:1    | Entered Level 1 of the Orcish Mines
 29287 | Orc:2    | Entered Level 2 of the Orcish Mines
 29367 | Orc:2    | Found a staircase to the Elven Halls.
 29772 | Orc:2    | Found Xoemm's General Store.
 30243 | Orc:2    | Gained mutation: You occasionally lose the ability to read
                  | scrolls when taking damage. [a neqoxec]
 30481 | Orc:2    | Reached skill level 15 in Air Magic
 30609 | Orc:2    | Found Cuopemaf's Book Emporium.
 30609 | Orc:2    | Found Soexti's General Store.
 30611 | Orc:2    | Found Leskaam's General Store.
 30611 | Orc:2    | Found Etoqaile's General Store.
 30838 | Swamp:1  | Entered Level 1 of the Swamp
 31300 | Swamp:1  | Lost mutation: Your spells are a little harder to cast, but
                  | a little more powerful. [mutagenic glow]
 32268 | Swamp:2  | Gained mutation: You are very dopey. (Int -4) [mutagenic
                  | glow]
 33835 | Swamp:3  | Reached skill level 10 in Transmutations
 34229 | Swamp:3  | Reached skill level 1 in Unarmed Combat
 35266 | Swamp:4  | Entered Level 4 of the Swamp
 35758 | Swamp:4  | Identified the +7 trident of Massacring {protect, Str+6
                  | Int+8}
 36030 | Snake:1  | Entered Level 1 of the Snake Pit
 36923 | Snake:1  | Reached skill level 5 in Unarmed Combat
 37720 | Snake:2  | Found Ruzeent's Armour Shoppe.
 38115 | Snake:2  | Reached XP level 19. HP: 131/157 MP: 19/30
 40309 | Snake:2  | Found a runed translucent gate.
 40309 | Snake:2  | Found a runed translucent gate.
 40362 | Snake:2  | Found a runed translucent gate.
 40363 | Snake:2  | Noticed Leeroy's ghost (journeyman VSWr)
 40397 | Snake:2  | Killed Leeroy's ghost
 40433 | Snake:2  | Lost mutation: Your magical capacity is low. (-10% MP)
                  | [potion of mutation]
 40433 | Snake:2  | Lost mutation: You are very dopey. (Int -4) [potion of
                  | mutation]
 40433 | Snake:2  | Lost mutation: You are dopey. (Int -2) [potion of mutation]
 40433 | Snake:2  | Lost mutation: Your tail ends in a venomous barb. [potion
                  | of mutation]
 40433 | Snake:2  | Lost mutation: You occasionally lose the ability to read
                  | scrolls when taking damage. [potion of mutation]
 40433 | Snake:2  | Lost mutation: Your flesh is heat resistant. (rF+) [potion
                  | of mutation]
 40433 | Snake:2  | Gained mutation: You have a pair of small horns on your
                  | head. [potion of mutation]
 40433 | Snake:2  | Gained mutation: You are very frail. (-20% HP) [potion of
                  | mutation]
 40433 | Snake:2  | Gained mutation: You are strong-willed. (Will+) [potion of
                  | mutation]
 40433 | Snake:2  | Gained mutation: You have an increased reservoir of magic.
                  | (+10% MP) [potion of mutation]
 40433 | Snake:2  | Gained mutation: You are resistant to electric shocks.
                  | (rElec) [potion of mutation]
 40434 | Snake:2  | Lost mutation: You have an increased reservoir of magic.
                  | (+10% MP) [potion of mutation]
 40434 | Snake:2  | Lost mutation: You have a pair of small horns on your head.
                  | [potion of mutation]
 40434 | Snake:2  | Lost mutation: You are strong-willed. (Will+) [potion of
                  | mutation]
 40434 | Snake:2  | Lost mutation: You are very frail. (-20% HP) [potion of
                  | mutation]
 40434 | Snake:2  | Lost mutation: You are resistant to electric shocks.
                  | (rElec) [potion of mutation]
 40434 | Snake:2  | Lost mutation: You are frail. (-10% HP) [potion of
                  | mutation]
 40434 | Snake:2  | Gained mutation: You are robust. (+10% HP) [potion of
                  | mutation]
 40434 | Snake:2  | Gained mutation: Your movements are slightly less
                  | encumbered by armour. (ER -2) [potion of mutation]
 40434 | Snake:2  | Lost mutation: You are robust. (+10% HP) [potion of
                  | mutation]
 40434 | Snake:2  | Gained mutation: You are partially covered in iridescent
                  | scales. (AC +2) [potion of mutation]
 40675 | Snake:3  | Found Noco's Antique Weapon Shoppe.
 40738 | Snake:3  | Found Fitustec's Distillery.
 40799 | Snake:3  | Bought a potion of mutation for 136 gold pieces
 41159 | Snake:3  | Gained mutation: Your spells are a little easier to cast,
                  | but a little less powerful. [mutagenic glow]
 41174 | Snake:3  | Gained mutation: You are weak. (Str -2) [mutagenic glow]
 41209 | Snake:3  | Bought a potion of cancellation for 136 gold pieces
 41604 | Snake:4  | Entered Level 4 of the Snake Pit
 41780 | Snake:4  | Noticed Roxanne
 41860 | Snake:4  | Killed Roxanne
 41923 | Snake:4  | Noticed Kirke
 42000 | Snake:3  | Killed Kirke
 45616 | Snake:4  | Got a serpentine rune of Zot
 45953 | Elf:1    | Entered Level 1 of the Elven Halls
 46130 | Orc:1    | Found a runed translucent gate.
 46132 | Orc:1    | Found a runed translucent gate.
 46132 | Orc:1    | Noticed Vupaekk's ghost (journeyman DsEE)
 46133 | Orc:1    | Found a runed translucent gate.
 46502 | Elf:1    | Paralysed by an air elemental for 1 turns
 46508 | Elf:1    | Reached XP level 20. HP: 166/182 MP: 20/35
 47014 | Elf:1    | Found a runed translucent gate.
 47014 | Elf:1    | Found a runed translucent gate.
 47014 | Elf:1    | Found a runed translucent gate.
 47014 | Elf:1    | Found a runed translucent gate.
 47014 | Elf:1    | Found a runed translucent gate.
 47016 | Elf:1    | Found a runed translucent gate.
 47055 | Elf:1    | Found Cem Miul's Distillery.
 47093 | Elf:1    | Bought a potion of curing for 36 gold pieces
 47093 | Elf:1    | Bought a potion of curing for 36 gold pieces
 47093 | Elf:1    | Bought a potion of cancellation for 96 gold pieces
 47105 | Elf:1    | Identified the ring of Durra {Wiz Int+3 Dex+5}
 47602 | Elf:1    | Noticed Asterion
 47607 | Elf:1    | Killed Asterion
 48110 | Elf:2    | Paralysed by an air elemental for 1 turns
 48113 | Elf:2    | Paralysed by an air elemental for 1 turns
 48162 | Elf:2    | Reached skill level 10 in Unarmed Combat
 48215 | Elf:1    | Learned a level 7 spell: Dragon Form
 48307 | Elf:2    | Found Axaunac's Weapon Boutique.
 48400 | Elf:2    | Found a runed translucent gate.
 48401 | Elf:2    | Found a runed translucent gate.
 48403 | Elf:2    | Found a runed translucent gate.
 48466 | Elf:2    | Identified the +1 robe of Oily Lucidity {Dex+2 Archmagi}
 48698 | Elf:3    | Entered Level 3 of the Elven Halls
 49130 | Elf:3    | Lost mutation: Your spells are a little easier to cast, but
                  | a little less powerful. [potion of mutation]
 49130 | Elf:3    | Lost mutation: You are weak. (Str -2) [potion of mutation]
 49130 | Elf:3    | Lost mutation: You are partially covered in iridescent
                  | scales. (AC +2) [potion of mutation]
 49130 | Elf:3    | Lost mutation: Your movements are slightly less encumbered
                  | by armour. (ER -2) [potion of mutation]
 49130 | Elf:3    | Gained mutation: A frigid envelope surrounds you and
                  | freezes all who hurt you. [potion of mutation]
 49130 | Elf:3    | Gained mutation: You are frail. (-10% HP) [potion of
                  | mutation]
 49130 | Elf:3    | Gained mutation: You are dopey. (Int -2) [potion of
                  | mutation]
 49130 | Elf:3    | Gained mutation: You have a pair of small antennae on your
                  | head. [potion of mutation]
 49130 | Elf:3    | Gained mutation: You are strong-willed. (Will+) [potion of
                  | mutation]
 49131 | Elf:3    | Lost mutation: A frigid envelope surrounds you and freezes
                  | all who hurt you. [potion of mutation]
 49131 | Elf:3    | Lost mutation: You are strong-willed. (Will+) [potion of
                  | mutation]
 49131 | Elf:3    | Lost mutation: You have a pair of small antennae on your
                  | head. [potion of mutation]
 49131 | Elf:3    | Lost mutation: You are frail. (-10% HP) [potion of
                  | mutation]
 49131 | Elf:3    | Lost mutation: You are dopey. (Int -2) [potion of mutation]
 49131 | Elf:3    | Gained mutation: You have a pair of small antennae on your
                  | head. [potion of mutation]
 49131 | Elf:3    | Gained mutation: You are robust. (+10% HP) [potion of
                  | mutation]
 49131 | Elf:3    | Gained mutation: You have sharp toenails. [potion of
                  | mutation]
 49131 | Elf:3    | Gained mutation: You sometimes lose your temper in combat.
                  | [potion of mutation]
 49131 | Elf:3    | Gained mutation: You expend magic power (3 MP) to
                  | strengthen your wands. [potion of mutation]
 49131 | Elf:3    | Gained mutation: You are somewhat resistant to further
                  | mutation. [potion of mutation]
 49132 | Elf:3    | Lost mutation: You are robust. (+10% HP) [potion of
                  | mutation]
 49132 | Elf:3    | Lost mutation: You sometimes lose your temper in combat.
                  | [potion of mutation]
 49132 | Elf:3    | Lost mutation: You have sharp toenails. [potion of
                  | mutation]
 49132 | Elf:3    | Lost mutation: You expend magic power (3 MP) to strengthen
                  | your wands. [potion of mutation]
 49132 | Elf:3    | Gained mutation: Your system is resistant to poisons.
                  | (rPois) [potion of mutation]
 49433 | Elf:3    | Identified the +3 scale mail "Raxkus" {*Slow rElec rPois}
 49576 | Elf:3    | Identified the +3 triple sword of Floods {venom, rF+ rN+
                  | Stlth+}
 49576 | Elf:3    | Identified the amulet "Asanirph" {Acrobat rC+ Int+2}
 49640 | Elf:3    | Identified the ring "Sollehow" {rPois rC+ rCorr}
 49818 | Elf:3    | Identified the ring "Valout" {MP+9 Dex+3}
 49862 | Elf:3    | Found the +3 greatsling "Punk" {acid, rCorr}
 49883 | Elf:3    | Identified the +6 scale mail of Xueg {rElec rC- Will+++
                  | Dex-4}
 49910 | Elf:3    | Identified the +3 great mace "Penteth" {elec, Fragile rElec
                  | MP+9 Int+2}
 50503 | Vaults:1 | Entered Level 1 of the Vaults
 50571 | Vaults:1 | Reached skill level 5 in Dodging
 51083 | Vaults:1 | Reached XP level 21. HP: 166/190 MP: 31/37
 51111 | Vaults:1 | HP: 2/186 [ghostly frost giant/+1 battleaxe of freezing
                  | (12)]
 51111 | Vaults:1 | Slain by a sphinx

Illustrated notes

Levels and vault maps discovered:
D:1:      spicycebolla_arrival_transporter_tutorial, layout_basic
D:2:      minmay_angry_zag, layout_basic, uniq_natasha
D:3:      layout_loops_corners
D:4:      layout_basic, serial_shops, nicolae_shop_trees, serial_glass,
          glass_columns_c, glass_columns_c, uniq_ijyb
D:5:      layout_loops_ring
D:6:      layout_loops_cross, amcnicky_altar_gilded, serial_co_window_serial,
          co_window_paths_b, co_window_paths_b, co_window_corner_a,
          co_window_cross_1, co_window_corner_a, co_window_corner_a,
          co_window_paths_a, co_window_corner_a, co_window_corner_a,
          co_window_paths_c, co_window_cross_2, co_window_corner_b,
          co_window_unsneaky_path_d, co_window_4corner_a, glass_columns_a,
          glass_columns_a, uniq_maggie, uniq_menkaure, uniq_grinder,
          uniq_duvessa
D:7:      layout_cave_pools, minmay_temple_entry_purple_smoke
D:8:      layout_gridville, dpeg_lair_monsters
D:9:      layout_loops_ring, nicolae_yredelemnul_ghost_church,
          grunt_temple_overflow_open,
          ploomutoo_gammafunk_ghost_potion_laboratory, serial_bayou_pond_a,
          minmay_holes, minivault_11
D:10:     layout_long_grid, mainiacjoe_overflow_alcove_4, serial_demonic,
          serial_demonic_a, serial_demonic_b, serial_demonic_e,
          serial_demonic_c, serial_shops, nicolae_take_the_stairs
D:11:     layout_irregular_city, david_orc_4, laboratory, uniq_josephine,
          uniq_urug
D:12:     layout_long_grid, drop_trap, uniq_erolcha
D:13:     minmay_heptahexagon, layout_irregular_city, david_vaults_2,
          ebering_ghost_rock_garden, grunt_dithmenos_smoke_and_mirrors,
          uniq_azrael
D:14:     layout_grid_maze, ebering_ghost_xom,
          hangedman_abyss_or_decor_jellyfish_corner, lightli_wizard_tower,
          uniq_snorg
D:15:     grunt_enter_depths_snipers, layout_loops_ring
Temple:   zaba_magenta_temple
Lair:1:   layout_gridlike, grunt_megastairs_1
Lair:2:   layout_roguey, swamp_mist, evilmike_ambush
          [evilmike_ambush_outer_basic, evilmike_ambush_inner_pond],
          grunt_megastairs_4
Lair:3:   layout_cave_pods, minmay_snake_entry_guardpost_medium,
          grunt_forest_stairs_basic, serial_bayou_shore_a, lemuel_fruit_tree,
          grunt_megastairs_2
Lair:4:   layout_gridlike
Lair:5:   hangedman_lair_tendril_chambers, layout_long_grid,
          nicolae_slime_entry_field_trip, nicolae_volcano_entry_batcave,
          serial_bayou_crossing
Swamp:1:  layout_falls_marsh, serial_swamp_ruin, evilmike_swamp_ruin_house_6,
          evilmike_swamp_ruin_house_1, evilmike_swamp_ruin_house_2, swamp_pool1
Swamp:2:  layout_basic_swamp, evilmike_swamp_ruin_rubble_1, swamp_pool2,
          st_swamp_mini
Swamp:3:  nicolae_swamp_wrong_neighborhood, layout_falls_marsh,
          hangedman_swamp_cone, hangedman_swamp_lotus, swamp_pool2
Swamp:4:  swamp_pestilence, layout_basic_swamp
Snake:1:  layout_layer_cave, nicolae_snake_gridmaze_entwining,
          grunt_ministairs_7, nicolae_large_snake_swirl
Snake:2:  layout_onion_interference, serial_shops, nicolae_stop_n_shop_2,
          gammafunk_ghost_necromancy
Snake:3:  layout_misc_corridors, serial_shops, nicolae_shop_waterfront,
          nicolae_shop_advertising_works [nicolae_subvault_shop_adworks]
Snake:4:  grunt_snake_rune_serpentine_throne, layout_chambers,
          nicolae_snake_shapes, uniq_kirke, uniq_roxanne
Orc:1:    layout_diamond_mine, gammafunk_ghost_split
Orc:2:    grunt_orc_tribal_feast, layout_diamond_mine, serial_shops,
          nicolae_shop_stone
Elf:1:    minmay_elf_arrival_summoners, layout_loops_cross, serial_shops, shop,
          orc_legates, uniq_asterion
Elf:2:    elven_hall_of_blades_hangedman_original
          [nicolae_blade_entry_floor_patterns], layout_loops_cross,
          serial_shops, nicolae_shop_bloodbath_and_beyond
Elf:3:    minmay_elf_hall_x, layout_geoelf_grid, hangedman_corner_corridor
Vaults:1: nicolae_vaults_windows_and_doors_thing, v_pattern_5,
          dpeg_vaults_waves, v_misc_31, v_alt_pattern_6,
          ontoclasm_vaults_decontamination, layout_vaults_omnigrid

Skill      XL: |  1  2  3  4  5  6  7  8  9 10 11 12 13 14 15 16 17 18 19 20 21 |
---------------+----------------------------------------------------------------+-----
Fighting       | 2 3 4 7 8 9 10 11 12 13 | 13.0
Spellcasting   | 2 3 5 6 7 9 10 11 12 | 12.0
Conjurations   | 3 7 |  7.8
Maces & Flails | 7 |  7.1
Ice Magic      | 6 |  6.4
Armour         | 4 6 7 8 |  8.0
Translocations | 2 6 7 9 |  9.3
Evocations     | 2 4 |  4.0
Invocations    | 5 6 7 |  7.0
Air Magic      | 4 10 12 14 15 | 15.0
Transmutations | 4 10 13 | 13.6
Unarmed Combat | 5 8 12 | 12.0
Dodging        | 6 7 |  7.1

Action                     |  1- 3 |  4- 6 |  7- 9 | 10-12 | 13-15 | 16-18 | 19-21 || total
---------------------------+-------+-------+-------+-------+-------+-------+-------++-------
  Melee: Mace              |    95 |   104 |       |       |       |       |       ||   199
         Tailslap          |     7 |    23 |    37 |    45 |    21 |   158 |     9 ||   300
         Spear             |     1 |       |       |       |       |       |       ||     1
         Flail             |       |    78 |   282 |   279 |   119 |   482 |       ||  1240
         Punch             |       |     2 |     2 |     6 |     4 |    15 |    55 ||    84
         Dire flail        |       |       |       |       |       |   496 |    67 ||   563
         Unarmed           |       |       |       |       |       |    96 |   866 ||   962
         Bite              |       |       |       |       |       |       |     1 ||     1
  Throw: Dart              |       |       |       |     2 |     1 |     3 |       ||     6
   Cast: Momentum Strike   |       |     3 |    10 |    12 |       |     1 |       ||    26
         Hailstorm         |       |       |    31 |    99 |    20 |    63 |     5 ||   218
         Frozen Ramparts   |       |       |     1 |    37 |    17 |    53 |       ||   108
         Arcjolt           |       |       |       |       |    24 |    83 |       ||   107
         Manifold Assault  |       |       |       |       |       |    28 |    18 ||    46
         Irradiate         |       |       |       |       |       |   104 |    68 ||   172
         Iskenderun's Myst |       |       |       |       |       |     9 |     8 ||    17
         Storm Form        |       |       |       |       |       |    10 |    87 ||    97
         Vhi's Electric Ch |       |       |       |       |       |     4 |    69 ||    73
         Dragon Form       |       |       |       |       |       |       |     3 ||     3
 Invoke: Lesser Servant of |       |       |       |     3 |       |     7 |     2 ||    12
         Minor Destruction |       |       |       |     2 |       |       |       ||     2
         Major Destruction |       |       |       |       |       |     2 |       ||     2
Ability: End Transformatio |       |       |       |       |       |       |     6 ||     6
         Blinkbolt         |       |       |       |       |       |       |     3 ||     3
  Evoke: Wand              |       |       |       |     5 |     3 |     4 |     3 ||    15
         Phial of floods   |       |       |       |       |       |     2 |     1 ||     3
         Condenser vane    |       |       |       |       |       |       |     1 ||     1
    Use: Scroll            |     8 |     3 |     6 |    12 |    15 |    12 |     8 ||    64
         Potion            |     1 |     3 |       |    10 |     1 |    10 |    13 ||    38
   Stab: Sleeping          |       |     1 |       |       |       |       |       ||     1
         Distracted        |       |       |       |       |       |     1 |       ||     1
 Armour: Leather armour    |    70 |    92 |    15 |       |       |       |       ||   177
         Steam dragon scal |       |       |    46 |       |       |       |       ||    46
         Swamp dragon scal |       |       |    83 |   313 |   115 |  1029 |    75 ||  1615
         Skin              |       |       |       |     5 |       |    54 |   298 ||   357
  Dodge: Dodged            |    52 |    90 |   144 |   214 |    82 |   723 |   553 ||  1858

Table legend: (Time is in decaauts)
 A = Elapsed time spent in this place.
 B = Non-inter-level travel time spent in this place.
 C = Inter-level travel time spent in this place.
 D = Time resting spent in this place.
 E = Time spent auto-exploring this place.
 F = Levels seen in this place.
 G = Mean time per level.
                   A        B        C        D        E       F      G
               +--------+--------+--------+--------+--------+-----+--------+
         Total |  51346 |  48844 |   2502 |  20872 |  18065 |  36 | 1426.3 |
       Dungeon |  22940 |  21760 |   1180 |   9003 |   8530 |  15 | 1529.3 |
        Temple |    106 |     56 |     50 |      0 |     50 |   1 |  106.0 |
          Lair |   6434 |   6094 |    340 |   1921 |   3037 |   5 | 1286.8 |
         Swamp |   5137 |   4965 |    172 |   2425 |   1726 |   4 | 1284.2 |
     Snake Pit |   9749 |   9301 |    448 |   4843 |   2660 |   4 | 2437.2 |
  Orcish Mines |   2151 |   1988 |    163 |    980 |    597 |   2 | 1075.5 |
   Elven Halls |   3751 |   3606 |    145 |   1185 |   1229 |   3 | 1250.3 |
        Vaults |    592 |    592 |      0 |    317 |    121 |   1 |  592.0 |
       Volcano |    482 |    482 |      0 |    196 |    115 |   1 |  482.0 |
               +--------+--------+--------+--------+--------+-----+--------+

Top non-repeatable levels by time:
 Snake:1: 3767 daAuts
 Snake:4: 3348 daAuts
    D:11: 2662 daAuts
    D:10: 2612 daAuts
    D:12: 2506 daAuts
    D:13: 2213 daAuts
     D:9: 2013 daAuts
 Snake:3: 1854 daAuts
     D:8: 1765 daAuts
 Swamp:3: 1728 daAuts
   Elf:3: 1602 daAuts
 Swamp:2: 1547 daAuts
   Elf:1: 1544 daAuts
     D:6: 1500 daAuts
   Orc:2: 1422 daAuts
